| TOP OF THE 1ST |
|
University of Oklahoma Sooners batting - Pitching for Coastal Carolina University Chanticleers : LHP David Medina
|
|
Pitching: LHP David Medina
|
|
|
Batting: RHB Virgil Wenz
|
0-0: Fly out, F8 (Flyball, 8LD, EV 89.4 MPH)
|
|
Batting: RHB Myles Sabine
|
0-0: Foul Ball, location: 2F 0-1: Ground out 6-3 (Groundball, 6, EV 83.8 MPH)
|
|
Batting: SHB Orlando Uribe
|
0-0: Ball 1-0: Foul Ball, location: 2F 1-1: Swinging Strike 1-2: Strikes out swinging, 2-3 out at first.
|
| Top of the 1st over - 0 runs, 0 hits, 0 errors, 0 left on base; University of Oklahoma 0 - Coastal Carolina University 0 |
| BOTTOM OF THE 1ST |
|
Coastal Carolina University Chanticleers batting - Pitching for University of Oklahoma Sooners : LHP Chris Taggart
|
|
Pitching: LHP Chris Taggart
|
|
|
Batting: RHB Ferri Casteleijn
|
0-0: Foul Ball, location: 2F 0-1: Ground out 5-3 (Groundball, 56S, EV 72.5 MPH)
|
|
Batting: RHB Rene Napoles
|
0-0: Ball 1-0: Ball 2-0: Called Strike 2-1: Called Strike 2-2: Ball 3-2: Fly out, F4 (Popup, 4D, EV 74.4 MPH)
|
|
Batting: RHB Mike Grogan
|
0-0: Swinging Strike 0-1: Ground out 6-3 (Groundball, 6M, EV 84.4 MPH)
|
| Bottom of the 1st over - 0 runs, 0 hits, 0 errors, 0 left on base; University of Oklahoma 0 - Coastal Carolina University 0 |
| TOP OF THE 2ND |
|
University of Oklahoma Sooners batting - Pitching for Coastal Carolina University Chanticleers : LHP David Medina
|
|
Batting: RHB Sugiarto Kartosuwiryo
|
0-0: Ball 1-0: Called Strike 1-1: SINGLE (Groundball, 34D, EV 101.9 MPH)
|
|
Batting: RHB Kjeld Leen
|
0-0: Called Strike 0-1: Ball 1-1: Called Strike 1-2: Ball 2-2: Foul Ball, location: 2F 2-2: Foul Ball, location: 2F 2-2: Strikes out looking
|
|
Batting: LHB Pedro Marrero
|
0-0: Ball 1-0: Called Strike 1-1: Ball 2-1: Fly out, F8 (Flyball, 8LD, EV 91.9 MPH)
|
|
Batting: RHB Sam Mason
|
0-0: Ball 1-0: Foul Ball, location: 2F 1-1: Foul Ball, location: 2F 1-2: Foul Ball, location: 2F 1-2: Foul Ball, location: 2F 1-2: Foul Ball, location: 2F 1-2: Ball 2-2: Ball 3-2: 2-RUN HOME RUN (Flyball, 7D, EV 107.5 MPH), Distance : 414 ft
|
|
Batting: RHB Ben Gappa
|
0-0: Ball 1-0: Ball 2-0: Ball 3-0: Foul Ball, location: 2F 3-1: Swinging Strike 3-2: Strikes out looking
|
| Top of the 2nd over - 2 runs, 2 hits, 0 errors, 0 left on base; University of Oklahoma 2 - Coastal Carolina University 0 |
| BOTTOM OF THE 2ND |
|
Coastal Carolina University Chanticleers batting - Pitching for University of Oklahoma Sooners : LHP Chris Taggart
|
|
Batting: LHB Nate Kokx
|
0-0: Foul Ball, location: 2F 0-1: Ball 1-1: Foul Ball, location: 2F 1-2: Ground out 4-3 (Groundball, 4S, EV 83.8 MPH)
|
|
Batting: RHB Chris McDaniel
|
0-0: Ball 1-0: Swinging Strike 1-1: Ground out 4-3 (Groundball, 4, EV 85.6 MPH)
|
|
Batting: LHB Justin Sanders
|
0-0: Ball 1-0: Foul Ball, location: 2F 1-1: Called Strike 1-2: Ball 2-2: Ground out 4-3 (Groundball, 4D, EV 91.9 MPH)
|
| Bottom of the 2nd over - 0 runs, 0 hits, 0 errors, 0 left on base; University of Oklahoma 2 - Coastal Carolina University 0 |
| TOP OF THE 3RD |
|
University of Oklahoma Sooners batting - Pitching for Coastal Carolina University Chanticleers : LHP David Medina
|
|
Batting: RHB Jon Hubbard
|
0-0: Foul Ball, location: 2F 0-1: Swinging Strike 0-2: Ball 1-2: Strikes out swinging
|
|
Batting: RHB Virgil Wenz
|
0-0: Ball 1-0: Ball 2-0: Called Strike 2-1: Ball 3-1: Called Strike 3-2: Base on Balls
|
|
Batting: RHB Myles Sabine
|
0-0: Foul Ball, location: 2F 0-1: Ball 1-1: Ball 2-1: Ball 3-1: Fielders Choice at 2nd, 6-4 (Groundball, 6, EV 81.9 MPH)
|
|
Batting: SHB Orlando Uribe
|
0-0: Foul Ball, location: 2F 0-1: Swinging Strike 0-2: Strikes out swinging
|
| Top of the 3rd over - 0 runs, 0 hits, 0 errors, 1 left on base; University of Oklahoma 2 - Coastal Carolina University 0 |
| BOTTOM OF THE 3RD |
|
Coastal Carolina University Chanticleers batting - Pitching for University of Oklahoma Sooners : LHP Chris Taggart
|
|
Batting: SHB Iher Waithaka
|
0-0: Called Strike 0-1: Foul Ball, location: 2F 0-2: Strikes out swinging
|
|
Batting: LHB Ramelan Nasution
|
0-0: Foul Ball, location: 2F 0-1: Foul Ball, location: 2F 0-2: Ball 1-2: SOLO HOME RUN (Flyball, 89XD, EV 101.9 MPH), Distance : 427 ft
|
|
Batting: LHB Jeremy Stockwell
|
0-0: Called Strike 0-1: Ball 1-1: Ball 2-1: Ball 3-1: Swinging Strike 3-2: Strikes out swinging
|
|
Batting: RHB Ferri Casteleijn
|
0-0: Ball 1-0: Ground out 1-3 (Groundball, 13S, EV 70.6 MPH)
|
| Bottom of the 3rd over - 1 run, 1 hit, 0 errors, 0 left on base; University of Oklahoma 2 - Coastal Carolina University 1 |
| TOP OF THE 4TH |
|
University of Oklahoma Sooners batting - Pitching for Coastal Carolina University Chanticleers : LHP David Medina
|
|
Batting: RHB Sugiarto Kartosuwiryo
|
0-0: Called Strike 0-1: Ball 1-1: Swinging Strike 1-2: Ball 2-2: Ball 3-2: Base on Balls
|
|
Batting: RHB Kjeld Leen
|
0-0: Called Strike 0-1: Fielders Choice at 2nd, 6-4 (Groundball, 6, EV 91.2 MPH)
|
|
Batting: LHB Pedro Marrero
|
0-0: Fielders Choice at 2nd, 4-6 (Groundball, 4S, EV 88.1 MPH)
|
|
Batting: RHB Sam Mason
|
0-0: Ball 1-0: Ball 2-0: Swinging Strike 2-1: Foul Ball, location: 2F 2-2: Foul Ball, location: 2F 2-2: Strikes out swinging
|
| Top of the 4th over - 0 runs, 0 hits, 0 errors, 1 left on base; University of Oklahoma 2 - Coastal Carolina University 1 |
| BOTTOM OF THE 4TH |
|
Coastal Carolina University Chanticleers batting - Pitching for University of Oklahoma Sooners : LHP Chris Taggart
|
|
Batting: RHB Rene Napoles
|
0-0: Swinging Strike 0-1: Ball 1-1: Ball 2-1: SINGLE (Flyball, 6MD, EV 88.8 MPH) - OUT at second base trying to stretch hit.
|
|
Batting: RHB Mike Grogan
|
0-0: Ball 1-0: Ball 2-0: Ground out 6-3 (Groundball, 6, EV 77.5 MPH)
|
|
Batting: LHB Nate Kokx
|
0-0: Ball 1-0: Ball 2-0: Called Strike 2-1: Swinging Strike 2-2: Ball 3-2: Foul Ball, location: 2F 3-2: Ground out 6-3 (Groundball, 6M, EV 107.5 MPH)
|
| Bottom of the 4th over - 0 runs, 1 hit, 0 errors, 0 left on base; University of Oklahoma 2 - Coastal Carolina University 1 |
| TOP OF THE 5TH |
|
University of Oklahoma Sooners batting - Pitching for Coastal Carolina University Chanticleers : LHP David Medina
|
|
Batting: RHB Ben Gappa
|
0-0: Ball 1-0: Ball 2-0: Ball 3-0: Called Strike 3-1: Base on Balls
|
|
Batting: RHB Jon Hubbard
|
0-0: Called Strike 0-1: Called Strike 0-2: Strikes out looking
|
|
Batting: RHB Virgil Wenz
|
0-0: Called Strike 0-1: Called Strike 0-2: Strikes out swinging
|
|
Batting: RHB Myles Sabine
|
0-0: Ball 1-0: Ground out 5-3 (Groundball, 56S, EV 75.0 MPH)
|
| Top of the 5th over - 0 runs, 0 hits, 0 errors, 1 left on base; University of Oklahoma 2 - Coastal Carolina University 1 |
| BOTTOM OF THE 5TH |
|
Coastal Carolina University Chanticleers batting - Pitching for University of Oklahoma Sooners : LHP Chris Taggart
|
|
Now at 1B: Benedetto Legnano
|
|
|
Now at 3B: David Stuckey
|
|
|
Batting: RHB Chris McDaniel
|
0-0: Ball 1-0: Called Strike 1-1: Called Strike 1-2: DOUBLE (Flyball, 8LXD, EV 95.0 MPH)
|
|
Batting: LHB Justin Sanders
|
0-0: Foul Ball, location: 2F 0-1: Ball 1-1: Foul Ball, location: 2F 1-2: Ball 2-2: Ball 3-2: Strikes out looking
|
|
Batting: SHB Iher Waithaka
|
0-0: Foul Ball, location: 2F 0-1: Called Strike 0-2: Foul Ball, location: 2F 0-2: Strikes out swinging
|
|
Batting: LHB Ramelan Nasution
|
0-0: Ball 1-0: Foul Ball, location: 2F 1-1: Swinging Strike 1-2: Ground out U3 (Groundball, 3L, EV 86.2 MPH)
|
| Bottom of the 5th over - 0 runs, 1 hit, 0 errors, 1 left on base; University of Oklahoma 2 - Coastal Carolina University 1 |
| TOP OF THE 6TH |
|
University of Oklahoma Sooners batting - Pitching for Coastal Carolina University Chanticleers : LHP David Medina
|
|
Pitching: RHP Danny Wood
|
|
|
Now in LF: Milo Karadzic
|
|
|
Pinch Hitting: RHB Danny Ortiz
|
0-0: Foul Ball, location: 2F 0-1: Called Strike 0-2: Ball 1-2: Ball 2-2: Reached on error, E5 (Groundball, 5L, EV 81.2 MPH)
|
|
Batting: RHB David Stuckey
|
0-0: Ball 1-0: Ball 2-0: Ball 3-0: Called Strike 3-1: Foul Ball, location: 2F 3-2: Strikes out swinging
|
|
Batting: RHB Kjeld Leen
|
0-0: DOUBLE (Line Drive, 78XD, EV 111.9 MPH) Danny Ortiz to third
|
|
Batting: LHB Jon Terrones
|
0-0: Ball 1-0: Ball 2-0: Ball 3-0: Called Strike 3-1: Base on Balls
|
|
Batting: RHB Sam Mason
|
0-0: Ball 1-0: Called Strike 1-1: Swinging Strike 1-2: Strikes out looking
|
|
Pitching: RHP Clint Major
|
|
|
Batting: RHB Ben Gappa
|
0-0: Foul Ball, location: 2F 0-1: Ball 1-1: Ball 2-1: Swinging Strike 2-2: Ball 3-2: Strikes out looking
|
| Top of the 6th over - 0 runs, 1 hit, 1 error, 3 left on base; University of Oklahoma 2 - Coastal Carolina University 1 |
| BOTTOM OF THE 6TH |
|
Coastal Carolina University Chanticleers batting - Pitching for University of Oklahoma Sooners : LHP Chris Taggart
|
|
Pitching: RHP Mike Lofgren
|
|
|
Now in RF: Danny Ortiz
|
|
|
Batting: LHB Jeremy Stockwell
|
0-0: Called Strike 0-1: Ball 1-1: Foul Ball, location: 2F 1-2: Ground out 4-3 (Groundball, 4, EV 92.5 MPH)
|
|
Pinch Hitting: RHB Tristan Williams
|
0-0: Foul Ball, location: 2F 0-1: Swinging Strike 0-2: Ball 1-2: Ball 2-2: Ball 3-2: Foul Ball, location: 2F 3-2: Base on Balls
|
|
Batting: RHB Rene Napoles
|
0-0: Foul Ball, location: 2F 0-1: Ball Tristan Williams is caught stealing 2nd base 2-4 1-1: Ball 2-1: Ball 3-1: Base on Balls
|
|
Batting: RHB I-po Lin
|
0-0: Ball 1-0: Ball 2-0: Foul Ball, location: 2F 2-1: Foul Ball, location: 2F 2-2: Ball Rene Napoles steals 2nd base 3-2: DOUBLE (Line Drive, 89M, EV 106.9 MPH) Rene Napoles scores
|
|
Pitching: LHP Bruce Chapman
|
|
|
Pinch Hitting: LHB Justin Kaller
|
0-0: Called Strike 0-1: Ball 1-1: Ball 2-1: Called Strike 2-2: Ball 3-2: Base on Balls
|
|
Batting: LHB Milo Karadzic
|
0-0: Ball 1-0: Foul Ball, location: 2F 1-1: Ball 2-1: Fly out, F9 (Flyball, 9, EV 93.1 MPH)
|
| Bottom of the 6th over - 1 run, 1 hit, 0 errors, 2 left on base; University of Oklahoma 2 - Coastal Carolina University 2 |
| TOP OF THE 7TH |
|
University of Oklahoma Sooners batting - Pitching for Coastal Carolina University Chanticleers : RHP Clint Major
|
|
Pitching: RHP Dorian Sander
|
|
|
Now at 1B: Justin Kaller
|
|
|
Now at 2B: Rene Napoles
|
|
|
Now at 3B: Tim Kirby
|
|
|
Now at SS: Tristan Williams
|
|
|
Batting: SHB Benedetto Legnano
|
0-0: Foul Ball, location: 2F 0-1: Called Strike 0-2: Ball 1-2: Ball 2-2: Ball 3-2: Base on Balls
|
|
Batting: RHB Virgil Wenz
|
0-0: Bunt missed! 0-1: Bunted foul 0-2: Grounds into double play, 4-6-3 (Groundball, 4, EV 108.1 MPH)
|
|
Batting: RHB Myles Sabine
|
0-0: Called Strike 0-1: Foul Ball, location: 2F 0-2: Strikes out swinging
|
| Top of the 7th over - 0 runs, 0 hits, 0 errors, 0 left on base; University of Oklahoma 2 - Coastal Carolina University 2 |
| BOTTOM OF THE 7TH |
|
Coastal Carolina University Chanticleers batting - Pitching for University of Oklahoma Sooners : LHP Bruce Chapman
|
|
Pitching: LHP Bobby Cimilluca
|
|
|
Now at C: Jason Higgins
|
|
|
Batting: LHB Justin Sanders
|
0-0: Called Strike 0-1: DOUBLE (Groundball, 3L, EV 96.2 MPH)
|
|
Batting: LHB Tim Kirby
|
0-0: Foul Ball, location: 2F 0-1: Foul Ball, location: 2F 0-2: Ball 1-2: Ball 2-2: Ground out 6-3 (Groundball, 6, EV 89.4 MPH)
|
|
Batting: LHB Ramelan Nasution
|
0-0: Ball 1-0: Swinging Strike 1-1: SINGLE (Groundball, 56, EV 98.8 MPH) Justin Sanders to third
|
|
Batting: LHB Jeremy Stockwell
|
0-0: Ball 1-0: Foul Ball, location: 2F 1-1: Ball 2-1: Swinging Strike 2-2: Ball 3-2: Fielders Choice at 2nd, 3-6 (Groundball, 23, EV 84.4 MPH) Justin Sanders scores
|
|
Batting: RHB Tristan Williams
|
0-0: Ball 1-0: Foul Ball, location: 2F 1-1: SINGLE (Groundball, 34D, EV 102.5 MPH) Jeremy Stockwell to second
|
|
Batting: RHB Rene Napoles
|
0-0: Foul Ball, location: 2F 0-1: Swinging Strike 0-2: Strikes out swinging
|
| Bottom of the 7th over - 1 run, 3 hits, 0 errors, 2 left on base; University of Oklahoma 2 - Coastal Carolina University 3 |
| TOP OF THE 8TH |
|
University of Oklahoma Sooners batting - Pitching for Coastal Carolina University Chanticleers : RHP Dorian Sander
|
|
Batting: RHB Danny Ortiz
|
0-0: Ball 1-0: Ball 2-0: Ball 3-0: Called Strike 3-1: Foul Ball, location: 2F 3-2: Foul Ball, location: 2F 3-2: Foul Ball, location: 2F 3-2: Hit by Pitch
|
|
Batting: RHB David Stuckey
|
0-0: Ball 1-0: Called Strike 1-1: Swinging Strike 1-2: Fielders Choice at 2nd, 4-6 (Groundball, 4S, EV 80.0 MPH)
|
|
Batting: RHB Kjeld Leen
|
0-0: Foul Ball, location: 2F 0-1: Swinging Strike 0-2: Ball 1-2: Strikes out swinging
|
|
Batting: LHB Jon Terrones
|
0-0: Ball 1-0: Foul Ball, location: 2F 1-1: Ball 2-1: Fly out, F7 (Flyball, 7D, EV 98.1 MPH)
|
| Top of the 8th over - 0 runs, 0 hits, 0 errors, 1 left on base; University of Oklahoma 2 - Coastal Carolina University 3 |
| BOTTOM OF THE 8TH |
|
Coastal Carolina University Chanticleers batting - Pitching for University of Oklahoma Sooners : LHP Bobby Cimilluca
|
|
Pitching: RHP Gabe Newman
|
|
|
Batting: RHB I-po Lin
|
0-0: Ball 1-0: Ground out 4-3 (Groundball, 4, EV 110.0 MPH)
|
|
Batting: LHB Justin Kaller
|
0-0: Called Strike 0-1: Foul Ball, location: 2F 0-2: Foul Ball, location: 2F 0-2: Ball 1-2: SOLO HOME RUN (Flyball, 9LD, EV 93.1 MPH), Distance : 338 ft
|
|
Batting: LHB Milo Karadzic
|
0-0: SINGLE (Flyball, 78S, EV 95.0 MPH)
|
|
Batting: LHB Justin Sanders
|
0-0: Ball 1-0: Ball 2-0: Foul Ball, location: 2F 2-1: Foul Ball, location: 2F 2-2: Ball 3-2: Foul Ball, location: 2F 3-2: Fielders Choice at 2nd, 4-6 (Groundball, 34D, EV 93.8 MPH)
|
|
Batting: LHB Tim Kirby
|
0-0: Called Strike Justin Sanders is caught stealing 2nd base 2-6
|
| Bottom of the 8th over - 1 run, 2 hits, 0 errors, 0 left on base; University of Oklahoma 2 - Coastal Carolina University 4 |
| TOP OF THE 9TH |
|
University of Oklahoma Sooners batting - Pitching for Coastal Carolina University Chanticleers : RHP Dorian Sander
|
|
Pitching: RHP Quentin Archdeacon
|
|
|
Batting: RHB Sam Mason
|
0-0: Ball 1-0: Foul Ball, location: 2F 1-1: Swinging Strike 1-2: Foul Ball, location: 2F 1-2: Ball 2-2: Ball 3-2: Ground out 5-3 (Groundball, 56S, EV 83.1 MPH)
|
|
Batting: RHB Jason Higgins
|
0-0: Called Strike 0-1: Ball 1-1: Ball 2-1: Called Strike 2-2: Reached on error, E5 (Groundball, 56, EV 105.0 MPH)
|
|
Batting: SHB Benedetto Legnano
|
0-0: Ball 1-0: Ball 2-0: Ball 3-0: Base on Balls Jason Higgins to second
|
|
Batting: RHB Virgil Wenz
|
0-0: Fly out, F9 (Flyball, 9D, EV 93.1 MPH) Runner from 2nd tags up, SAFE at 3rd with throw by RF
|
|
Batting: RHB Myles Sabine
|
0-0: Called Strike 0-1: Called Strike 0-2: Strikes out swinging
|
| Top of the 9th over - 0 runs, 0 hits, 1 error, 2 left on base; University of Oklahoma 2 - Coastal Carolina University 4 |
|